 Dungeon Crawl Stone Soup version 0.16-a0-4088-g7c8221e (webtiles) character file.

634 Sixotanaka the Grappler (level 7, -4/62 HPs)
             Began as a Troll Warper on Feb 23, 2015.
             Slain by Menkaure (7 damage)
             ... on level 5 of the Dungeon.
             The game lasted 00:10:50 (4774 turns).

Sixotanaka the Grappler (Troll Warper)              Turns: 4774, Time: 00:10:50

Health: -4/62      AC:  6    Str: 21    XL:     7   Next: 24%
Magic:  5/5        EV: 10    Int:  9    God:
Gold:   279        SH:  0    Dex: 10    Spells: 2 memorised, 5 levels left

rFire  . . .     SeeInvis .       - Unarmed
rCold  . . .     Clarity  .     b - +0 robe
rNeg   . . .     SustAb   .     (shield restricted)
rPois  .         Gourm    +     (helmet restricted)
rElec  .         Spirit   .     r - +0 cloak
rCorr  .         Warding  .     (gloves unavailable)
rMut   .         Stasis   .     (boots unavailable)
MR     .....                    B - amulet of the gourmand
Stlth  +.........               (no ring)
                                (no ring)

@: not resistant to hostile enchantments, very unstealthy
A: unfitting armour, claws 3, fast metabolism 3, gourmand, regeneration 2,
shaggy fur 1, tough skin 2
a: no special abilities


You were on level 5 of the Dungeon.
You were completely stuffed.

You visited 1 branch of the dungeon, and saw 5 of its levels.

You collected 279 gold pieces.


Innate Abilities, Weirdness & Mutations

You are too large for most types of armour.
You have claws for hands.
Your metabolism is lightning-fast.
You like to eat raw meat.
You heal very quickly.
You are covered in fur (AC +1).
You have very tough skin (AC +2).


   Skills:
 - Level 1.5 Fighting
 - Level 0.8 Throwing
 - Level 0.7 Armour
 - Level 1.6 Dodging
 + Level 8.1 Unarmed Combat
 - Level 1.2 Spellcasting
 - Level 2.1 Translocations


You had 5 spell levels left.
You knew the following spells:

 Your Spells              Type           Power        Failure   Level  Hunger
b - Blink                 Tloc           N/A          21%         2    ###....
e - Apportation           Tloc           #.........   14%         1    ##.....


Dungeon Overview and Level Annotations

Branches:
Dungeon (5/15)
 Temple: D:4-7

Altars:
Elyvilon
Gozag
Makhleb
Vehumet

Annotations:
D:5 Menkaure

Inventory:

Hand weapons
 C - a +0 blowgun
Missiles
 e - 5 tomahawks of dispersal {!f}
 n - 62 stones (quivered)
 D - 2 poisoned needles
Armour
 b - a +0 robe (worn)
 r - a +0 cloak (worn)
 H - the +1 robe of the Monkey's Uncle {rC- Int+6}
   (You found it on level 4 of the Dungeon)

   It affects your intelligence (+6).
   It makes you vulnerable to cold.
Jewellery
 B - an amulet of the gourmand (around neck)
Magical devices
 x - a wand of fireball (5)
Scrolls
 d - 2 scrolls of blinking
 g - a scroll of magic mapping {unknown}
 l - a scroll of remove curse {unknown}
 m - 4 scrolls of enchant armour {unknown}
 q - 7 scrolls of teleportation {@r4}
 t - a scroll of summoning {unknown}
 v - a scroll of recharging {unknown}
 y - a scroll of random uselessness {unknown}
 z - a scroll of fear {unknown}
 A - a scroll of immolation {unknown}
 G - 2 scrolls of fog {unknown}
Potions
 h - a potion of heal wounds {@q2}
 i - a potion of resistance {unknown}
 k - a potion of might {unknown}
 o - a potion of haste {unknown}
 s - 2 potions of curing {@q1}
 u - a potion of agility {unknown}
 w - a potion of flight {unknown}
 E - a potion of degeneration {unknown}
 F - a potion of ambrosia {unknown}
Books
 c - a book of Spatial Translocations
Comestibles
 a - 5 meat rations
 f - 4 bread rations
 j - 5 fruits
 p - 4 beef jerkies
 I - 4 chunks of flesh

#.##.......# #.# ###
#..........# #.# #
##########.# #+# #
#.# #...## # ###.#
#.....## # ##.#.#
#.......###
##....###.........##
#.M.....+.........'.
#!@..# #.........##
##.#.# #.......##
###.#####.....##
#.....# ##...#####
##.....# #.......#
#......# #..####.#
#......####>.####.#
#.......<......##.#
#.####.####....##.#


You could see Menkaure.


Message History

Eating one of 2 chunks of flesh.
This raw flesh tastes great.
You continue eating. x2
Eating a chunk of flesh.
This raw flesh tastes great.
You continue eating. x2
You now have 279 gold pieces (gained 14).
You enter a teleport trap!
The teleport trap disappears.
Your surroundings suddenly seem different.
A hobgoblin comes into view.
A hobgoblin is nearby!
A hobgoblin is nearby!
The hobgoblin shouts!
A worker ant comes into view.
The hobgoblin barely misses you.
You closely miss the hobgoblin.
The worker ant twitches its antennae in your direction.
The hobgoblin closely misses you.
You claw the hobgoblin!
You kill the hobgoblin!
You see here a hobgoblin corpse.
The worker ant bites you.
You see here a ring mail.
You claw the worker ant! The worker ant bites you!
You scratch the worker ant but do no damage.
The worker ant closely misses you.
You scratch the worker ant.
You kill the worker ant!
No target in view!
You see here a hobgoblin corpse.
You butcher the hobgoblin corpse.
I - 3 chunks of flesh You see here a ring mail.
You see here a worker ant corpse.
You butcher the worker ant corpse.
I - 5 chunks of flesh (gained 2)
There is an open door here.
There is an open door here.
Eating one of 5 chunks of flesh.
This raw flesh tastes great.
You continue eating. x2
There is a stone staircase leading up here.
Menkaure, Prince of Dust comes into view.
Menkaure shouts!
Menkaure calls on the powers of darkness!
Your body is wracked with pain!
Found a coppery potion.
Menkaure casts a spell.
Menkaure seems to speed up.
Menkaure hits you.
You claw Menkaure!
Menkaure's bandages flutter.
Menkaure gestures at you while chanting.
Pain shoots through your body!
* * * LOW HITPOINT WARNING * * *
You scratch Menkaure but do no damage. Menkaure barely misses you.
You claw Menkaure!
Menkaure points at you and mumbles some strange words.
You struggle to resist.
You scratch Menkaure.
Menkaure blazes with dark energy!
Menkaure calls on the powers of darkness!
Your body is wracked with pain!
* * * LOW HITPOINT WARNING * * *
You scratch Menkaure. Menkaure completely misses you.
You barely miss Menkaure. Menkaure hits you!
* * * LOW HITPOINT WARNING * * *
You barely miss Menkaure.
Menkaure calls on the powers of darkness!
You feel a surge of unholy energy.
You barely miss Menkaure. Menkaure hits you!
You die...

Action                   |  1- 3 |  4- 6 |  7- 9 || total
-------------------------+-------+-------+-------++-------
Melee: Unarmed           |   114 |   256 |    51 ||   421
Throw: Stone             |     2 |     4 |       ||     6
  Use: Scroll            |     1 |     3 |       ||     4
       Potion            |       |     1 |       ||     1
 Stab: Sleeping          |       |     1 |       ||     1
  Eat: Chunk             |    12 |    24 |    11 ||    47
       Royal jelly       |       |     1 |       ||     1

Vault maps used:
D:1:      onia_arrival_handbag
D:2:      nicolae_overflow_hidden_temple, uniq_terence
D:3:      fiery_altar_vehumet
D:4:      lemuel_doored_altar, elyvilon_altar_3, first_bread
D:5:      uniq_menkaure

Notes
Turn   | Place    | Note
--------------------------------------------------------------
     0 | D:1      | Sixotanaka, the Troll Warper, began the quest for the Orb.
     0 | D:1      | Reached XP level 1. HP: 19/19 MP: 2/2
     0 | D:1      | zzxc: I mean
     0 | D:1      | zzxc: deaths like that
     0 | D:1      | zzxc: you can avoid but it takes a lot of effort
     7 | D:1      | zzxc: and that was a hard level in itself
   143 | D:1      | zzxc: so it would've been a pain
   163 | D:1      | Reached XP level 2. HP: 27/27 MP: 2/2
   184 | D:1      | zzxc: to try to skipk
   291 | D:1      | Sixotanaka: i was just trying to expose the spore
   291 | D:1      | Sixotanaka: so i could throw rocks at it
   291 | D:1      | Sixotanaka: but the basalisk was guarding it
   317 | D:1      | Reached skill level 3 in Unarmed Combat
   390 | D:1      | zzxc: I'd just teleport immediately
   407 | D:1      | zzxc: and if you dont have teleport ided
   407 | D:1      | Sixotanaka: lol
   407 | D:1      | Sixotanaka: yep
   407 | D:1      | zzxc: then you should've
   412 | D:1      | Sixotanaka: i had blink ided
   451 | D:1      | zzxc: I often have teleport ided by D:3-4
   451 | D:1      | Sixotanaka: well, i fell from d5
   555 | D:1      | Reached XP level 3. HP: 33/33 MP: 3/3
   808 | D:2      | Found an opulent altar of Gozag.
   848 | D:2      | zzxc: gozag
   968 | D:2      | Sixotanaka: hero snake
  1076 | D:2      | zzxc: troll is really nice with non-chei
  1134 | D:2      | zzxc: you can fight an average speed monster
  1134 | D:2      | zzxc: that is as strong as you
  1134 | D:2      | Sixotanaka: troll is really nice with everything
  1207 | D:2      | zzxc: if you dont get the initial advantage in the fight
  1210 | D:2      | Reached skill level 4 in Unarmed Combat
  1211 | D:2      | zzxc: you can run andn reset the fight with the high regen
  1214 | D:2      | Learned a level 2 spell: Blink
  1400 | D:2      | Noticed Terence
  1405 | D:2      | zzxc: gay strat but really nice also
  1411 | D:2      | Killed Terence
  1411 | D:2      | zzxc: I like my gay strats
  1411 | D:2      | Reached XP level 4. HP: 14/41 MP: 4/4
  1501 | D:2      | Sixotanaka: lol
  1622 | D:2      | zzxc: I use it mostly against ogres
  1652 | D:2      | zzxc: since you can often kill them without taking any dmg
  1781 | D:2      | zzxc: but if you get hit once
  1807 | D:2      | zzxc: you cant continue fighting
  1869 | D:3      | zzxc: that is much more risky and tedious on a regular char
  1891 | D:3      | zzxc: but troll it's nice
  1988 | D:3      | Found a radiant altar of Vehumet.
  2053 | D:3      | zzxc: im gonna carry on with unreal world
  2080 | D:3      | zzxc: dont die
  2120 | D:3      | Sixotanaka: rofl
  2122 | D:3      | Sixotanaka: im trolling u
  2569 | D:3      | Reached skill level 5 in Unarmed Combat
  2638 | D:3      | HP: 10/41 [orc/mace (2)]
  2643 | D:3      | Reached XP level 5. HP: 12/48 MP: 4/4
  2643 | D:3      | HP: 11/48 [orc/mace (1)]
  3228 | D:4      | Reached skill level 6 in Unarmed Combat
  3423 | D:4      | Found a burning altar of Makhleb.
  3429 | D:4      | Reached XP level 6. HP: 55/55 MP: 5/5
  3445 | D:4      | Found a white marble altar of Elyvilon.
  3468 | D:4      | Got a silken robe
  3489 | D:4      | Identified the +1 robe of the Monkey's Uncle {rC- Int+6} (You found it on level 4 of the Dungeon)
  3823 | D:5      | Entered Level 5 of the Dungeon
  3910 | D:5      | Reached skill level 7 in Unarmed Combat
  4182 | D:5      | Reached XP level 7. HP: 29/62 MP: 5/5
  4559 | D:5      | Reached skill level 8 in Unarmed Combat
  4764 | D:5      | Noticed Menkaure
  4770 | D:5      | HP: 14/62 [??? (12)]
  4772 | D:5      | HP: 2/62 [Menkaure (13)]
  4774 | D:5      | Slain by Menkaure

Vanquished Creatures
  An ogre (D:5)
  A scorpion (D:4)
  A crimson imp (D:5)
  A hound (D:5)
  A jelly (D:5)
  2 orc priests
  An orc wizard (D:4)
  4 worker ants
  Terence (D:2)
  A gnoll (D:3)
  4 adders
  A shadow imp (D:5)
  4 worms
  2 giant geckos
  An ooze (D:1)
  20 orcs
  9 bats
  9 giant cockroaches
  10 goblins
  9 hobgoblins
  8 jackals
  8 kobolds
  4 ball pythons
  A giant cockroach zombie (D:5)
  A giant gecko skeleton (D:4)
  5 giant newts
  A quokka (D:5)
  A quokka skeleton (D:4)
  17 rats
129 creatures vanquished.

Vanquished Creatures (others)
  An adder (D:3)
1 creature vanquished.

Grand Total: 130 creatures vanquished
